 Dungeon Crawl Stone Soup version 0.28-a0-519-gbfeecf2fc5 (webtiles) character file.

Game seed: 10468234885331021910

1992 gorlok231 the Sneak (level 9, -16/81 HPs)
             Began as a Deep Dwarf Fighter on Sept 24, 2021.
             Demolished by a slime creature (17 damage)
             ... on level 7 of the Dungeon.
             The game lasted 00:40:30 (6086 turns).

gorlok231 the Sneak (Deep Dwarf Fighter)            Turns: 6086, Time: 00:40:30

Health: -16/81     AC:  2    Str: 22    XL:     9   Next: 1%
Magic:  11/11      EV: 12    Int: 12    God:
Gold:   216        SH:  4    Dex: 12    Spells: 18/18 levels left

rFire   . . .      SeeInvis .   j - +3 dagger (protect)
rCold   . . .      Faith    .   c - +0 buckler
rNeg    . . .      Spirit   .   g - +0 leather armour
rPois   .          Reflect  .   (helmet restricted)
rElec   .          Harm     .   (no cloak)
rCorr   .          Rampage  .   f - +1 pair of gloves
Will    +....                   m - +0 pair of boots
Stlth   +++.......              (no amulet)
HPRegen 0.00/turn               e - +4 ring of slaying
MPRegen 0.12/turn               d - +4 ring of slaying

@: corroded
A: damage resistance, heal wounds, sense surroundings 2, no regeneration,
antennae 1, strong 1
a: Heal Wounds


You were on level 7 of the Dungeon.
You visited 1 branch of the dungeon, and saw 7 of its levels.

You collected 337 gold pieces.
You spent 121 gold pieces at shops.

Inventory:

Hand Weapons
 j - a +3 dagger of protection (weapon)
Armour
 c - a +0 buckler (worn)
 f - a +1 pair of gloves (worn)
 g - a +0 leather armour (worn)
 m - a +0 pair of boots (worn)
Jewellery
 d - a +4 ring of slaying (right hand)
 e - a +4 ring of slaying (left hand)
Wands
 i - a wand of acid (2)
Scrolls
 a - a scroll of identify
 h - 3 scrolls of teleportation
 k - a scroll of summoning


   Skills:
 - Level 5.0 Fighting
 - Level 4.3(4.5) Short Blades
 - Level 2.0(3.6) Long Blades
 - Level 4.0 Armour
 - Level 3.0 Dodging
 - Level 5.1 Stealth
 - Level 3.2 Shields
 - Level 0.2 Unarmed Combat
 - Level 5.0 Spellcasting
 - Level 1.5 Hexes
 - Level 2.1 Necromancy
 - Level 1.7 Transmutations
 - Level 2.6 Earth Magic


You had 18 spell levels left.
You didn't know any spells.
Your spell library contained the following spells:

 Spells                   Type           Power      Damage    Failure   Level
 Passwall                 Tmut/Erth      6%         N/A       16%         2
 Swiftness                Air            3%         N/A       58%         3
 Invisibility             Hex            3%         N/A       100%        6


Dungeon Overview and Level Annotations

Branches:
Dungeon (7/15)             Temple (0/1) D:6

Altars:
Cheibriados
Fedhas
Gozag
Kikubaaqudgha
Nemelex Xobeh
Trog
Vehumet
Wu Jian
Xom
Beogh

Shops:
D:3 !

Annotations:
D:4 Edmund, Ijyb, Pikel


Innate Abilities, Weirdness & Mutations

You are resistant to damage.
You can heal yourself by infusing magical energy.
You passively map the area around you.
You do not regenerate.
You have a pair of small antennae on your head.
Your muscles are strong. (Str +2)


Message History

Unknown command.
The endoplasm quivers.
The jelly hits you but does no damage.
The endoplasm jiggles.
The slime creature hits you. The jelly hits you. The acid corrodes you!
You are splashed with acid.
The endoplasm jiggles.
Unknown command.
The jelly misses you. The jelly barely misses you.
The slime creature barely misses you.
Unknown command.
The jelly closely misses you.
The endoplasm jiggles.
The slime creature hits you. The jelly misses you.
Unknown command.
The jelly barely misses you. You block the slime creature's attack.
The jelly hits you.
You are splashed with acid!
Unknown command.
You block the jelly's attack. The jelly hits you but does no damage.
The slime creature hits you!
Unknown command.
You block the jelly's attack. You block the slime creature's attack.
The jelly closely misses you.
Unknown command.
You block the jelly's attack. You block the slime creature's attack.
The jelly hits you but does no damage.
Unknown command.
The jelly barely misses you. The slime creature hits you. The jelly hits you.
You are splashed with acid!
Unknown command.
The jelly hits you.
You are splashed with acid!
The slime creature hits you!!
* * * LOW HITPOINT WARNING * * *
The jelly barely misses you.
Unknown command.
The jelly hits you but does no damage. The slime creature hits you!
* * * LOW HITPOINT WARNING * * *
You block the jelly's attack.
Unknown command.
The jelly barely misses you. The slime creature hits you!!
You die... * * *** ** * ,* #...# , , , , ##JJJ## * , #JJJJJ# * #JJJJJ#
* * * JJJJJ * #JJJ#* ,* #JJJ#

##### , * *#@#
...., * ,
###.###..# * ,
#.#.#.#..# *
#..##....#### ,
#.#.#.......+,,,
, ##.##.....# ,
, #.........# *
#.........# * ,,
#.###..#.## *


You could see a slime creature, 5 jellies and 18 endoplasms.

Vanquished Creatures
  2 water moccasins
  An ice beast (D:6)
  A black bear (D:6)
  An orc warrior (D:4)
  2 sky beasts
  2 ogres
  A necrophage (D:6)
  A lemure (D:4)
  A kobold brigand (D:7)
  A bullfrog (D:6)
  2 scorpions (D:6)
  A bullfrog zombie (D:5)
  2 jellies (D:5)
  2 hounds (D:4)
  6 orc priests
  A centaur skeleton (D:6)
  3 iguanas
  5 orc wizards
  2 killer bee zombies (D:7)
  A hound skeleton (D:5)
  A howler monkey zombie (D:6)
  9 adders
  3 worms
  3 dart slugs
  20 orcs
  5 endoplasms
  10 goblins
  8 hobgoblins
  7 jackals
  6 quokkas
  7 ball pythons
  3 bats
  5 frilled lizards
  4 kobolds
  3 rats
132 creatures vanquished.

Vanquished Creatures (others)
  3 fungi (D:7)
  3 plants (D:2)
6 creatures vanquished.

Grand Total: 138 creatures vanquished

Notes
Turn   | Place    | Note
-------+----------+-------------------------------------------
     0 | D:1      | gorlok231 the Deep Dwarf Fighter began the quest for the
                  | Orb.
     0 | D:1      | Reached XP level 1. HP: 20/20 MP: 1/1
   231 | D:1      | Reached XP level 2. HP: 16/27 MP: 2/2
   612 | D:1      | Reached skill level 1 in Stealth
   648 | D:1      | Found a faded altar of an unknown god.
  1068 | D:2      | Reached skill level 1 in Dodging
  1185 | D:2      | Reached XP level 3. HP: 31/34 MP: 4/4
  1240 | D:2      | Reached skill level 1 in Spellcasting
  1839 | D:2      | Reached XP level 4. HP: 42/42 MP: 5/5
  2182 | D:3      | Reached XP level 5. HP: 7/49 MP: 7/7
  2340 | D:3      | Found Rauklu's Distillery.
  2408 | D:3      | Bought a potion of curing for 33 gold pieces
  2408 | D:3      | Bought a potion of heal wounds for 55 gold pieces
  2408 | D:3      | Bought a potion of curing for 33 gold pieces
  2470 | D:3      | Found a blossoming altar of Fedhas.
  3035 | D:4      | Reached XP level 6. HP: 35/57 MP: 8/8
  3063 | D:4      | Identified the +2 pair of boots of Agnosticism {Str+4
                  | Int+5}
  3164 | D:4      | Gained mutation: You have a pair of small antennae on your
                  | head. [potion of mutation]
  3164 | D:4      | Gained mutation: Your muscles are strong. (Str +2) [potion
                  | of mutation]
  3187 | D:4      | Found an opulent altar of Gozag.
  3205 | D:4      | Found a bloodstained altar of Trog.
  3293 | D:4      | Noticed Pikel
  3293 | D:4      | Noticed an orc warrior
  3294 | D:4      | Noticed Ijyb
  3305 | D:3      | Found a shimmering altar of Xom.
  3381 | D:4      | Killed an orc warrior
  3397 | D:4      | Noticed Edmund
  3410 | D:5      | Entered Level 5 of the Dungeon
  3457 | D:5      | HP: 2/57 [orc priest/divine providence (12)]
  3564 | D:5      | Noticed a sky beast
  3719 | D:5      | Reached XP level 7. HP: 55/64 MP: 7/7
  4056 | D:5      | Reached skill level 5 in Stealth
  4630 | D:6      | Reached skill level 5 in Fighting
  4648 | D:6      | Reached skill level 1 in Short Blades
  4648 | D:6      | Reached XP level 8. HP: 56/74 MP: 10/10
  4983 | D:6      | Reached skill level 5 in Spellcasting
  5112 | D:6      | Found a snail-covered altar of Cheibriados.
  5113 | D:6      | Found a sparkling altar of Nemelex Xobeh.
  5269 | D:6      | Found a staircase to the Ecumenical Temple.
  5551 | D:7      | Reached skill level 1 in Earth Magic
  5568 | D:7      | Reached skill level 1 in Necromancy
  5632 | D:7      | Reached skill level 1 in Transmutations
  5645 | D:7      | Reached skill level 1 in Hexes
  5925 | D:7      | Found an ornate altar of the Wu Jian Council.
  5952 | D:7      | Found an ancient bone altar of Kikubaaqudgha.
  5977 | D:7      | Gained mutation: You passively map the area around you.
                  | [Deep Dwarf growth]
  5977 | D:7      | Reached XP level 9. HP: 66/81 MP: 11/11
  6011 | D:7      | Found a radiant altar of Vehumet.
  6085 | D:7      | HP: 1/81 [slime creature (10)]
  6086 | D:7      | Demolished by a slime creature

Illustrated notes

Levels and vault maps discovered:
D:1:      grunt_arrival_lava_bath, layout_basic, ebering_ecumenical_altar_mist,
          minmay_split_cup_small
D:2:      layout_rooms, serial_forest, infiniplex_forest_zigzag_1,
          infiniplex_forest_lined_room_3, infiniplex_forest_clump_tiny,
          infiniplex_forest_straight_2, infiniplex_forest_join,
          infiniplex_forest_lined_4_way, infiniplex_forest_corner_1,
          infiniplex_forest_clump_double, infiniplex_forest_lined_3_way,
          infiniplex_forest_end_2, nrook_mini_vaults
D:3:      layout_rooms, nicolae_overflow_crystal_walls,
          nicolae_overflow_hidden_temple, serial_shops, shop,
          roderic_roman_lattice, kennysheep_orc_chapel
D:4:      layout_rooms, mainiacjoe_overflow_large_starburst, uniq_ijyb,
          uniq_pikel, uniq_edmund
D:5:      layout_layer_cave, minmay_misc_feat_cross
D:6:      layout_basic, minitemple, lemuel_temple_firewalk_a
D:7:      lemuel_slime, layout_loops_corners, general_overflow_altar,
          nicolae_ru_awakened_eye, nicolae_kikubaaqudgha_miasma_corner,
          lemuel_coloured_pillars_altar, mainiacjoe_overflow_boulevard

Skill      XL: |  1  2  3  4  5  6  7  8 |
---------------+-------------------------+-----
Stealth        | 1 2 3 4 5 |  5.1
Fighting       | 3 4 5 |  5.0
Dodging        | 1 2 3 |  3.0
Spellcasting   | 1 2 3 4 5 |  5.0
Armour         | 4 |  4.0
Short Blades   | 1 4 |  4.3
Earth Magic    | 2 |  2.6
Necromancy     | 2 |  2.1
Transmutations | 1 |  1.7
Hexes          | 1 |  1.5
Long Blades    | |  2.0
Shields        | |  3.2
Unarmed Combat | |  0.2

Action                   |  1- 3 |  4- 6 |  7- 9 || total
-------------------------+-------+-------+-------++-------
Melee: Long sword        |    57 |       |       ||    57
       Dagger            |   127 |   334 |   164 ||   625
       Unarmed           |       |     1 |       ||     1
 Abil: Heal Wounds       |     1 |    11 |     4 ||    16
Evoke: Wand              |       |       |     3 ||     3
  Use: Scroll            |     4 |     8 |     2 ||    14
       Potion            |     2 |    12 |       ||    14
 Stab: Sleeping          |       |       |     2 ||     2
Armor: Scale mail        |    94 |   160 |     3 ||   257
       Leather armour    |       |       |    64 ||    64
Dodge: Dodged            |    70 |   161 |    96 ||   327
Block: Buckler           |    42 |    60 |    42 ||   144

Table legend: (Time is in decaauts)
 A = Elapsed time spent in this place.
 B = Non-inter-level travel time spent in this place.
 C = Inter-level travel time spent in this place.
 D = Time resting spent in this place.
 E = Time spent auto-exploring this place.
 F = Levels seen in this place.
 G = Mean time per level.
                   A        B        C        D        E       F      G
               +--------+--------+--------+--------+--------+-----+--------+
         Total |   6064 |   6064 |      0 |    704 |   2583 |   7 |  866.3 |
       Dungeon |   6064 |   6064 |      0 |    704 |   2583 |   7 |  866.3 |
               +--------+--------+--------+--------+--------+-----+--------+

Top non-repeatable levels by time:
     D:5: 1194 daAuts
     D:1: 1076 daAuts
     D:2: 1046 daAuts
     D:3: 875 daAuts
     D:6: 873 daAuts
     D:7: 584 daAuts
     D:4: 413 daAuts
